 Dungeon Crawl Stone Soup version 0.28.0-53-g5a82cb258f (webtiles) character file.

Game seed: 6752727311963622066

236 Peloso the Skirmisher (level 5, -2/48 HPs)
             Began as a Minotaur Fighter on June 8, 2022.
             Slain by an ogre
             ... wielding a +0 giant spiked club
              (19 damage)
             ... on level 4 of the Dungeon.
             The game lasted 00:04:18 (3723 turns).

Peloso the Skirmisher (Minotaur Fighter)            Turns: 3723, Time: 00:04:19

Health: -2/48      AC: 10    Str: 21    XL:     5   Next: 77%
Magic:  4/4        EV:  9    Int:  5    God:
Gold:   100        SH:  4    Dex: 11    Spells: 4/4 levels left

rFire   . . .      SeeInvis .   a - +0 long sword
rCold   . . .      Faith    .   c - +0 buckler
rNeg    . . .      Spirit   .   b - +0 scale mail
rPois   .          Reflect  .   (helmet restricted)
rElec   .          Harm     .   (no cloak)
rCorr   .          Rampage  .   (no gloves)
Will    .....                   k - +2 pair of boots
Stlth   ..........              (no amulet)
HPRegen 0.16/turn               f - ring of flight
MPRegen 0.09/turn               (no ring)

@: lethally poisoned (-2 -> -3), flying
A: horns 2, retaliatory headbutt
a: no special abilities


You were on level 4 of the Dungeon.
You visited 1 branch of the dungeon, and saw 4 of its levels.

You collected 100 gold pieces.

Inventory:

Hand Weapons
 a - a +0 long sword (weapon)
Armour
 b - a +0 scale mail (worn)
 c - a +0 buckler (worn)
 k - a +2 pair of boots (worn)
Jewellery
 f - a ring of flight (left hand)
Scrolls
 e - a scroll of blinking {unknown}
 g - a scroll of teleportation {unknown}
 h - 3 scrolls of enchant weapon {unknown}
 j - a scroll of magic mapping {unknown}
 l - 2 scrolls of identify
 m - a scroll of summoning {unknown}
 o - a scroll of immolation {unknown}
Potions
 d - a potion of might
 i - 2 potions of curing {unknown}
 n - a potion of mutation {unknown}


   Skills:
 + Level 5.0 Fighting
 + Level 4.6 Long Blades
 + Level 4.6 Armour
 + Level 1.5 Dodging
 + Level 1.2 Stealth
 + Level 4.0 Shields
 + Level 0.1 Unarmed Combat


You had 4 spell levels left.
You didn't know any spells.
Your spell library was empty.

Dungeon Overview and Level Annotations

Branches:
Dungeon (4/15)
 Temple: D:4-7

Altars:
Ru


Innate Abilities, Weirdness & Mutations

You have a pair of horns on your head.
You reflexively headbutt those who attack you in melee.


Message History

You see here a giant cockroach corpse.
A goblin comes into view. It is wielding a +0 club.
A goblin is nearby!
A goblin is nearby!
Found a whip.
The goblin hits you but does no damage.
You closely miss the goblin. The goblin hits you with a +0 club.
You hit the goblin but do no damage. The goblin completely misses you.
You slash the goblin!
You kill the goblin!
Things that are here:
a +0 club; a goblin corpse An ogre comes into view.
It is wielding a +0 giant spiked club.
An ogre is nearby!
An adder and a goblin come into view.
The goblin shouts!
You aren't carrying any items that you can evoke.
Unknown command.
Sorry, you're not good enough to have a special ability.
Unknown command.
The adder bites you.
You are poisoned.
The adder poisons you!
You closely miss the adder.
You feel sick. The adder misses you.
You hit the adder. Your headbutt misses the adder.
The adder is moderately wounded.
You feel sick. The adder barely misses you. You furiously retaliate!
You headbutt the adder!
You kill the adder!
You block the goblin's attack.
Your Fighting skill increases to level 5!
You slash the goblin!
You kill the goblin!
You feel sick.
The ogre hits you with a +0 giant spiked club!!
You hit the ogre. You headbutt the ogre!
The ogre is heavily wounded.
You feel sick.
The ogre hits you with a +0 giant spiked club!!
You die...

#.# #g.....# ##..
#......#
#.#.##.gS..#
##....#....#
#.....#...#
#.....#..# ###
#......### #.#
####..O## ###..
####@##
########....
##.####...........
#................
##........####...
#...###### #...
#..†.....##...#.
##............###
##...........##
##.#..........


You could see an ogre.

Vanquished Creatures
  An orc priest (D:4)
  A hound (D:4)
  2 orc wizards (D:3)
  Ijyb (D:3)
  3 adders
  2 worms
  A dart slug (D:2)
  11 orcs
  4 bats
  4 endoplasms
  3 giant cockroaches
  6 goblins
  2 hobgoblins
  4 jackals (D:1)
  3 kobolds
  2 quokkas
  7 ball pythons
  2 rats
59 creatures vanquished.

Notes
Turn   | Place    | Note
-------+----------+-------------------------------------------
     0 | D:1      | Peloso the Minotaur Fighter began the quest for the Orb.
     0 | D:1      | Reached XP level 1. HP: 19/19 MP: 0/0
    61 | D:1      | Reached XP level 2. HP: 21/27 MP: 1/1
   345 | D:1      | Found a faded altar of an unknown god.
   455 | D:1      | Reached skill level 4 in Fighting
  1809 | D:2      | Reached XP level 3. HP: 33/33 MP: 2/2
  2048 | D:3      | Noticed Ijyb
  2623 | D:3      | Killed Ijyb
  2756 | D:3      | Reached XP level 4. HP: 38/40 MP: 3/3
  2862 | D:3      | Reached skill level 1 in Dodging
  2862 | D:3      | Reached XP level 5. HP: 36/47 MP: 4/4
  2990 | D:3      | Found a sacrificial altar of Ru.
  3567 | D:4      | Reached skill level 1 in Stealth
  3712 | D:4      | Noticed an ogre
  3722 | D:4      | Reached skill level 5 in Fighting
  3723 | D:4      | Slain by an ogre

Illustrated notes

Levels and vault maps discovered:
D:1:      onia_arrival_pentagram, layout_loops_cross,
          shapermc_ecumenical_altar_notcrosses, serial_bayou,
          serial_bayou_lagoon_b, serial_bayou_pond_d, serial_bayou_pond_d,
          serial_bayou_crossing, moated_statue
D:2:      layout_basic
D:3:      layout_basic, old_standard_altar, minmay_misc_feat_rows, uniq_ijyb
D:4:      corexii_shack_village, layout_cave_pods

Skill      XL: |  1  2  3  4  5 |
---------------+----------------+-----
Armour         | 4 |  4.6
Fighting       | 4 5 |  5.0
Shields        | 4 |  4.0
Long Blades    | 3 4 |  4.6
Dodging        | 1 |  1.5
Stealth        | 1 |  1.2
Unarmed Combat | |  0.1

Action                   |  1- 3 |  4- 6 || total
-------------------------+-------+-------++-------
Melee: Long sword        |    77 |    69 ||   146
       Headbutt          |     7 |    12 ||    19
       Unarmed           |    20 |       ||    20
  Use: Scroll            |     3 |       ||     3
Armor: Scale mail        |    35 |    32 ||    67
       Skin              |     6 |       ||     6
Dodge: Dodged            |    54 |    25 ||    79
Block: Buckler           |    15 |    11 ||    26
